[ AOE2 MATCH · #482925947 ]
UnrankedKoreans vs Goths
[ REPLAY ANALYSIS · EXTRACTED FROM THE RECORDED GAME ]
Feudal
14:11
Castle
20:30
Imperial
41:00
| APM avg | 22.7 |
| APM peak | 82 |
| eAPM avg | 17.6 |
| Villagers / military | 173 / 158 |
Focus
⚔️ 34.4% · 🌾 65.6%
War Wagon ×116 · Fire Lancer ×30 · Trade Cart ×24 · Trebuchet (Packed) ×8 · Iron Pagoda ×2 · Battering Ram ×2
Feudal
15:23
Castle
20:27
Imperial
38:20
| APM avg | 22.9 |
| APM peak | 49 |
| eAPM avg | 17.7 |
| Villagers / military | 127 / 404 |
Focus
⚔️ 32.0% · 🌾 68.0%
Huskarl ×390 · Unknown (882) ×70 · Trebuchet (Packed) ×7 · Trade Cart ×5 · Archer ×4 · Spearman ×3
Feudal
13:36
Castle
16:51
Imperial
32:58
| APM avg | 38.5 |
| APM peak | 78 |
| eAPM avg | 22.9 |
| Villagers / military | 165 / 359 |
Focus
⚔️ 24.3% · 🌾 75.7%
Scout Cavalry ×125 · Spearman ×93 · Ballista Elephant ×76 · Scorpion ×59 · Trade Cart ×30 · Trebuchet (Packed) ×6
Feudal
15:49
Castle
23:07
Imperial
38:13
| APM avg | 19.0 |
| APM peak | 55 |
| eAPM avg | 12.7 |
| Villagers / military | 93 / 281 |
Focus
⚔️ 32.1% · 🌾 67.9%
Eagle Scout ×148 · Plumed Archer ×116 · Trade Cart ×19 · Skirmisher ×7 · Mangonel ×4 · Trebuchet (Packed) ×4
Feudal
11:45
Castle
19:00
Imperial
33:46
| APM avg | 20.1 |
| APM peak | 56 |
| eAPM avg | 11.2 |
| Villagers / military | 89 / 131 |
Focus
⚔️ 20.7% · 🌾 79.3%
Hand Cannoneer ×82 · Genoese Crossbowman ×42 · Trade Cart ×19 · Bombard Cannon ×4 · Monk ×2 · Mangonel ×1
Feudal
—
Castle
—
Imperial
—
| APM avg | 39.1 |
| APM peak | 97 |
| eAPM avg | 23.9 |
| Villagers / military | 138 / 171 |
Focus
⚔️ 32.3% · 🌾 67.7%
Samurai ×89 · Scorpion ×42 · Trade Cart ×11 · Militia ×10 · Mangonel ×7 · Monk ×6
Feudal
14:09
Castle
18:55
Imperial
35:15
| APM avg | 13.9 |
| APM peak | 38 |
| eAPM avg | 11.6 |
| Villagers / military | 220 / 39 |
Focus
⚔️ 29.1% · 🌾 70.9%
Unknown (1908) ×38 · Unknown (1911) ×35 · Fire Lancer ×22 · Unknown (882) ×16 · Spearman ×5 · Steppe Lancer ×5
Feudal
11:40
Castle
15:08
Imperial
31:40
| APM avg | 21.5 |
| APM peak | 58 |
| eAPM avg | 12.3 |
| Villagers / military | 163 / 147 |
Focus
⚔️ 24.2% · 🌾 75.8%
War Elephant ×100 · Trade Cart ×29 · Bombard Cannon ×27 · Knight ×20
Match map
Initial resources + every placement click. Lines = walls · curves = elevation contours. ◆ gold · ⬟ stone · ● berries · ✦ relic · ◌ wall gap
Your base· ✓ Closed at 20:30 · 41t walls · no gate
Sherpder's base· ✓ Closed at 20:27 · 97t walls · no gate
XxX_ins1dious_XxX's base· ✓ Closed at 16:51 · 10t walls · 1 gate(s)
luismuli's base· ✓ Closed at 23:07 · 39t walls · 1 gate(s)
Coffee Bean's base· ✓ Closed at 19:00 · 27t walls · 1 gate(s)
Camilo M87's base· ✓ Closed at 20:44 · 32t walls · 1 gate(s)
OGsa's base· ✓ Closed at 18:55 · 19t walls · no gate
Roosterdog's base· ✓ Closed at 15:08 · 0t walls · no gate
Smoothed initial terrain · ◌ = detected wall gap · hover for details
Inputs per minute
— MAOC DSW - - Sherpder
Build order — MAOC DSW
First 150 of 554 actions detected
| 0:04 | Build | House |
| 0:07 | Build | House |
| 0:09 | Create | Villager (Male) |
| 0:09 | Create | Villager (Male) |
| 0:51 | Create | Villager (Male) |
| 0:51 | Research | Loom |
| 1:05 | Create | Villager (Male) |
| 1:59 | Create | Villager (Male) |
| 2:59 | Create | Villager (Male) |
| 3:00 | Create | Villager (Male) |
| 3:12 | Build | Palisade Wall |
| 3:33 | Create | Villager (Male) |
| 4:28 | Build | Palisade Wall |
| 4:37 | Create | Villager (Male) |
| 4:40 | Create | Villager (Male) |
| 4:41 | Create | Villager (Male) |
| 4:52 | Build | House |
| 4:54 | Build | House |
| 4:55 | Build | House |
| 5:13 | Build | Palisade Wall |
| 5:18 | Create | Villager (Male) |
| 6:00 | Create | Villager (Male) |
| 6:06 | Create | Villager (Male) |
| 6:35 | Build | Palisade Wall |
| 6:42 | Build | House |
| 7:12 | Create | Villager (Male) |
| 7:13 | Create | Villager (Male) |
| 7:51 | Build | Mill |
| 8:14 | Create | Villager (Male) |
| 8:41 | Create | Villager (Male) |
| 9:16 | Build | Mill |
| 9:20 | Create | Villager (Male) |
| 9:20 | Create | Villager (Male) |
| 9:20 | Create | Villager (Male) |
| 10:18 | Create | Villager (Male) |
| 11:06 | Create | Villager (Male) |
| 11:15 | Build | Mining Camp |
| 11:25 | Build | Mining Camp |
| 11:36 | Create | Villager (Male) |
| 11:45 | Build | Lumber Camp |
| 11:52 | Research | Feudal Age |
| 12:11 | Create | Villager (Male) |
| 13:20 | Create | Villager (Male) |
| 13:20 | Create | Villager (Male) |
| 13:27 | Build | Lumber Camp |
| 14:00 | Create | Villager (Male) |
| 14:11 | Age | Feudal Age |
| 14:26 | Build | Market |
| 14:29 | Create | Villager (Male) |
| 14:40 | Create | Villager (Male) |
| 15:00 | Build | Blacksmith |
| 15:17 | Build | Stone Wall |
| 15:30 | Build | Stone Wall |
| 15:35 | Build | Farm |
| 15:37 | Build | Farm |
| 15:39 | Create | Villager (Male) |
| 15:54 | Build | Farm |
| 16:25 | Build | House |
| 16:27 | Build | House |
| 16:29 | Build | House |
| 16:36 | Build | Farm |
| 16:46 | Build | Farm |
| 16:49 | Create | Villager (Male) |
| 16:51 | Build | Farm |
| 16:59 | Build | House |
| 17:01 | Build | House |
| 17:10 | Build | Farm |
| 17:35 | Build | Farm |
| 17:50 | Research | Castle Age |
| 17:50 | Research | Castle Age |
| 18:01 | Build | Lumber Camp |
| 18:40 | Build | Stone Wall |
| 18:45 | Create | Villager (Male) |
| 18:45 | Create | Villager (Male) |
| 18:50 | Build | House |
| 18:53 | Build | House |
| 19:01 | Build | House |
| 19:07 | Build | House |
| 19:08 | Build | House |
| 19:10 | Build | House |
| 19:42 | Research | Double-Bit Axe |
| 20:30 | Age | Castle Age |
| 20:52 | Build | Siege Workshop |
| 20:55 | Create | Villager (Male) |
| 20:59 | Build | Farm |
| 21:03 | Build | Farm |
| 21:05 | Build | Farm |
| 21:08 | Research | Horse Collar |
| 21:12 | Research | Bow Saw |
| 21:15 | Build | Town Center |
| 21:22 | Build | Town Center |
| 21:26 | Create | Trade Cart |
| 21:26 | Create | Trade Cart |
| 21:26 | Create | Trade Cart |
| 21:30 | Build | Farm |
| 21:32 | Create | Villager (Male) |
| 21:33 | Create | Villager (Male) |
| 21:33 | Create | Villager (Male) |
| 21:54 | Create | Trade Cart |
| 22:05 | Create | Villager (Male) |
| 22:38 | Build | Mining Camp |
| 23:10 | Build | Town Center |
| 23:14 | Create | Battering Ram |
| 23:16 | Create | Villager (Male) |
| 23:16 | Create | Villager (Male) |
| 23:21 | Create | Villager (Male) |
| 23:24 | Build | Farm |
| 23:24 | Build | Farm |
| 23:25 | Build | Farm |
| 23:27 | Create | Villager (Male) |
| 23:37 | Build | Farm |
| 23:39 | Create | Villager (Male) |
| 23:40 | Create | Villager (Male) |
| 23:43 | Research | Gold Mining |
| 23:45 | Research | Stone Mining |
| 24:13 | Create | Battering Ram |
| 24:34 | Create | Villager (Male) |
| 24:35 | Create | Villager (Male) |
| 24:35 | Create | Villager (Male) |
| 24:35 | Create | Villager (Male) |
| 25:04 | Create | Villager (Male) |
| 25:05 | Create | Villager (Male) |
| 25:06 | Create | Villager (Male) |
| 25:15 | Create | Villager (Male) |
| 25:15 | Create | Villager (Male) |
| 25:16 | Create | Villager (Male) |
| 25:19 | Build | Farm |
| 25:19 | Build | Farm |
| 25:19 | Build | Farm |
| 25:20 | Build | Farm |
| 25:32 | Build | Farm |
| 25:33 | Build | Farm |
| 25:33 | Build | Farm |
| 25:33 | Build | Farm |
| 26:34 | Create | Villager (Male) |
| 26:34 | Create | Villager (Male) |
| 26:34 | Create | Villager (Male) |
| 26:35 | Create | Villager (Male) |
| 26:36 | Create | Villager (Male) |
| 26:45 | Create | Iron Pagoda |
| 26:45 | Create | Iron Pagoda |
| 26:50 | Create | Villager (Male) |
| 26:50 | Create | Villager (Male) |
| 26:52 | Create | Villager (Male) |
| 26:55 | Create | Villager (Male) |
| 26:56 | Create | Villager (Male) |
| 26:58 | Create | Villager (Male) |
| 27:08 | Build | Farm |
| 27:09 | Build | Farm |
| 27:09 | Build | Farm |
Build order — Sherpder
First 150 of 422 actions detected
| 0:02 | Research | Loom |
| 0:02 | Create | Villager (Male) |
| 0:03 | Create | Villager (Male) |
| 0:03 | Create | Villager (Male) |
| 0:04 | Build | House |
| 0:16 | Build | Palisade Wall |
| 0:21 | Build | House |
| 0:23 | Create | Villager (Male) |
| 0:43 | Build | Palisade Wall |
| 2:03 | Build | Palisade Wall |
| 2:16 | Build | Palisade Wall |
| 2:32 | Build | House |
| 2:49 | Build | Palisade Wall |
| 3:41 | Build | Palisade Wall |
| 4:06 | Build | Palisade Wall |
| 4:16 | Create | Villager (Male) |
| 4:18 | Create | Villager (Male) |
| 5:20 | Create | Villager (Male) |
| 5:20 | Create | Villager (Male) |
| 5:29 | Build | Palisade Wall |
| 6:23 | Create | Villager (Male) |
| 6:53 | Create | Villager (Male) |
| 7:14 | Create | Villager (Male) |
| 7:14 | Create | Villager (Male) |
| 7:24 | Build | Palisade Wall |
| 7:49 | Create | Villager (Male) |
| 8:20 | Build | House |
| 8:44 | Create | Villager (Male) |
| 9:18 | Create | Villager (Male) |
| 9:18 | Create | Villager (Male) |
| 9:18 | Create | Villager (Male) |
| 9:51 | Build | Lumber Camp |
| 9:55 | Create | Villager (Male) |
| 9:55 | Create | Villager (Male) |
| 10:02 | Create | Villager (Male) |
| 10:03 | Create | Villager (Male) |
| 10:19 | Build | House |
| 10:23 | Create | Villager (Male) |
| 10:23 | Create | Villager (Male) |
| 11:25 | Build | Palisade Wall |
| 11:43 | Create | Villager (Male) |
| 11:47 | Build | Mill |
| 11:51 | Create | Villager (Male) |
| 12:03 | Create | Villager (Male) |
| 12:13 | Build | House |
| 12:18 | Build | Farm |
| 12:30 | Create | Villager (Male) |
| 12:55 | Build | Farm |
| 13:13 | Research | Feudal Age |
| 13:13 | Research | Feudal Age |
| 13:33 | Build | Palisade Wall |
| 13:54 | Build | Mining Camp |
| 15:07 | Build | Palisade Wall |
| 15:15 | Create | Villager (Male) |
| 15:15 | Create | Villager (Male) |
| 15:23 | Age | Feudal Age |
| 15:30 | Build | Blacksmith |
| 16:02 | Research | Double-Bit Axe |
| 16:19 | Build | Palisade Wall |
| 16:29 | Build | Market |
| 16:43 | Build | Palisade Wall |
| 17:10 | Build | Palisade Wall |
| 17:29 | Build | Barracks |
| 17:33 | Build | Palisade Wall |
| 17:40 | Create | Villager (Male) |
| 17:42 | Research | Castle Age |
| 18:01 | Build | Palisade Wall |
| 18:11 | Build | Archery Range |
| 18:20 | Build | Palisade Wall |
| 18:23 | Build | Palisade Wall |
| 18:34 | Build | Palisade Wall |
| 18:46 | Create | Archer |
| 18:46 | Create | Archer |
| 18:47 | Create | Archer |
| 18:55 | Build | Watch Tower |
| 18:59 | Create | Villager (Male) |
| 19:05 | Create | Archer |
| 19:37 | Build | Palisade Wall |
| 19:42 | Build | Palisade Wall |
| 19:48 | Build | Palisade Wall |
| 20:12 | Build | Palisade Wall |
| 20:17 | Build | Palisade Wall |
| 20:27 | Age | Castle Age |
| 20:39 | Build | Mining Camp |
| 20:57 | Create | Villager (Male) |
| 20:58 | Create | Villager (Male) |
| 21:01 | Build | Lumber Camp |
| 21:02 | Create | Villager (Male) |
| 21:02 | Create | Villager (Male) |
| 21:10 | Build | Market |
| 21:29 | Build | House |
| 21:30 | Build | House |
| 21:33 | Create | Villager (Male) |
| 21:36 | Build | Farm |
| 21:37 | Build | Farm |
| 21:41 | Research | Wheelbarrow |
| 21:45 | Research | Town Watch |
| 21:48 | Create | Villager (Male) |
| 21:48 | Create | Villager (Male) |
| 21:50 | Create | Villager (Male) |
| 22:23 | Build | Town Center |
| 22:27 | Create | Villager (Male) |
| 22:36 | Build | Farm |
| 22:40 | Create | Villager (Male) |
| 22:48 | Build | Farm |
| 22:59 | Build | House |
| 23:00 | Build | House |
| 23:15 | Create | Villager (Male) |
| 23:21 | Create | Villager (Male) |
| 23:21 | Create | Villager (Male) |
| 23:39 | Build | Mill |
| 23:41 | Create | Villager (Male) |
| 23:50 | Build | Farm |
| 23:52 | Build | Farm |
| 23:57 | Build | Farm |
| 24:00 | Create | Villager (Male) |
| 24:16 | Research | Horse Collar |
| 24:20 | Create | Villager (Male) |
| 24:27 | Build | Farm |
| 24:40 | Build | Farm |
| 24:48 | Build | House |
| 25:04 | Create | Spearman |
| 25:04 | Create | Spearman |
| 25:37 | Create | Villager (Male) |
| 25:37 | Create | Villager (Male) |
| 25:38 | Create | Villager (Male) |
| 25:38 | Create | Villager (Male) |
| 25:56 | Create | Spearman |
| 26:21 | Build | Palisade Gate |
| 26:41 | Create | Villager (Male) |
| 26:41 | Create | Villager (Male) |
| 26:42 | Create | Villager (Male) |
| 26:51 | Build | Barracks |
| 26:52 | Build | Barracks |
| 26:53 | Build | Barracks |
| 26:56 | Create | Villager (Male) |
| 26:56 | Create | Villager (Male) |
| 26:58 | Create | Villager (Male) |
| 26:58 | Create | Villager (Male) |
| 27:07 | Build | Siege Workshop |
| 28:02 | Build | House |
| 28:04 | Build | House |
| 28:05 | Create | Villager (Male) |
| 28:06 | Create | Villager (Male) |
| 28:22 | Create | Villager (Male) |
| 28:23 | Create | Villager (Male) |
| 28:31 | Build | Town Center |
| 28:34 | Create | Villager (Male) |
| 28:34 | Create | Villager (Male) |
| 28:38 | Build | Lumber Camp |
Build order — XxX_ins1dious_XxX
First 150 of 415 actions detected
| 0:01 | Create | Villager (Male) |
| 0:02 | Create | Villager (Male) |
| 0:02 | Create | Villager (Male) |
| 0:03 | Build | House |
| 0:04 | Build | House |
| 0:10 | Create | Villager (Male) |
| 1:24 | Create | Villager (Male) |
| 1:24 | Create | Villager (Male) |
| 2:08 | Create | Villager (Male) |
| 2:16 | Create | Villager (Male) |
| 2:17 | Create | Villager (Male) |
| 2:54 | Create | Villager (Male) |
| 2:58 | Research | Loom |
| 3:14 | Create | Villager (Male) |
| 3:40 | Create | Villager (Male) |
| 4:00 | Create | Villager (Male) |
| 4:26 | Create | Villager (Male) |
| 5:12 | Create | Villager (Male) |
| 5:13 | Create | Villager (Male) |
| 5:14 | Build | House |
| 5:15 | Build | House |
| 5:19 | Build | House |
| 5:20 | Build | House |
| 5:20 | Build | House |
| 5:26 | Create | Villager (Male) |
| 5:39 | Build | Palisade Wall |
| 5:42 | Build | Palisade Gate |
| 6:20 | Create | Villager (Male) |
| 6:35 | Build | Mill |
| 6:40 | Create | Villager (Male) |
| 7:39 | Create | Villager (Male) |
| 7:39 | Create | Villager (Male) |
| 8:00 | Create | Villager (Male) |
| 8:01 | Create | Villager (Male) |
| 8:01 | Create | Villager (Male) |
| 8:01 | Create | Villager (Male) |
| 8:54 | Create | Villager (Male) |
| 9:28 | Build | Lumber Camp |
| 9:35 | Build | Lumber Camp |
| 10:10 | Create | Villager (Male) |
| 10:11 | Create | Villager (Male) |
| 10:11 | Create | Villager (Male) |
| 10:13 | Create | Villager (Male) |
| 10:13 | Create | Villager (Male) |
| 10:39 | Build | Mill |
| 10:49 | Build | Mining Camp |
| 11:00 | Research | Feudal Age |
| 13:36 | Age | Feudal Age |
| 14:11 | Research | Castle Age |
| 15:12 | Research | Horse Collar |
| 15:17 | Build | Farm |
| 15:18 | Build | Farm |
| 15:20 | Build | Farm |
| 16:16 | Build | Lumber Camp |
| 16:23 | Build | Farm |
| 16:23 | Build | Farm |
| 16:24 | Build | Farm |
| 16:47 | Research | Wheelbarrow |
| 16:51 | Age | Castle Age |
| 17:00 | Build | Town Center |
| 17:41 | Create | Villager (Male) |
| 17:41 | Create | Villager (Male) |
| 18:01 | Research | Heavy Plow |
| 18:03 | Research | Double-Bit Axe |
| 18:21 | Create | Villager (Male) |
| 18:21 | Create | Villager (Male) |
| 18:26 | Create | Villager (Male) |
| 18:26 | Create | Villager (Male) |
| 18:26 | Create | Villager (Male) |
| 18:36 | Build | Farm |
| 19:16 | Create | Villager (Male) |
| 19:18 | Create | Villager (Male) |
| 19:18 | Create | Villager (Male) |
| 19:36 | Build | Town Center |
| 19:40 | Create | Villager (Male) |
| 19:43 | Build | Farm |
| 19:49 | Build | Farm |
| 19:52 | Create | Villager (Male) |
| 20:22 | Build | Farm |
| 20:26 | Create | Villager (Male) ×5 |
| 20:31 | Build | Farm |
| 20:38 | Build | Farm |
| 20:38 | Build | Farm |
| 20:39 | Build | Farm |
| 20:53 | Research | Hand Cart |
| 20:55 | Create | Villager (Male) |
| 20:55 | Create | Villager (Male) |
| 21:07 | Build | Farm |
| 21:23 | Build | House |
| 21:24 | Build | House |
| 21:24 | Build | House |
| 21:25 | Build | House |
| 21:25 | Build | House |
| 21:28 | Create | Villager (Male) ×4 |
| 21:33 | Build | Farm |
| 21:36 | Build | Farm |
| 21:39 | Build | Farm |
| 21:41 | Create | Villager (Male) |
| 21:48 | Build | Farm |
| 21:52 | Build | Farm |
| 21:54 | Create | Villager (Male) ×2 |
| 22:20 | Research | Town Watch |
| 22:26 | Create | Villager (Male) |
| 22:26 | Create | Villager (Male) |
| 22:40 | Build | Market |
| 22:48 | Create | Villager (Male) ×5 |
| 22:50 | Build | Farm |
| 22:51 | Build | Farm |
| 23:01 | Build | House |
| 23:01 | Build | House |
| 23:17 | Create | Villager (Male) |
| 23:18 | Create | Villager (Male) |
| 23:30 | Build | Town Center |
| 23:37 | Build | Farm |
| 23:39 | Build | Farm |
| 23:47 | Create | Villager (Male) ×5 |
| 24:07 | Create | Villager (Male) ×5 |
| 24:25 | Build | Mining Camp |
| 24:28 | Research | Gold Mining |
| 24:29 | Research | Stone Mining |
| 24:33 | Create | Villager (Male) |
| 24:37 | Build | Farm |
| 24:38 | Build | Farm |
| 24:38 | Build | Farm |
| 24:38 | Build | Farm |
| 24:39 | Build | Farm |
| 24:39 | Build | Farm |
| 24:44 | Build | House |
| 24:44 | Build | House |
| 24:46 | Build | House |
| 24:48 | Create | Villager (Male) ×3 |
| 24:59 | Create | Villager (Male) |
| 24:59 | Create | Villager (Male) |
| 25:08 | Build | Farm |
| 25:11 | Build | Farm |
| 25:20 | Create | Villager (Male) ×5 |
| 25:31 | Create | Villager (Male) ×2 |
| 25:44 | Build | Town Center |
| 25:47 | Create | Villager (Male) ×5 |
| 25:54 | Build | Farm |
| 25:54 | Build | Farm |
| 25:59 | Build | Farm |
| 25:59 | Build | Farm |
| 25:59 | Build | Farm |
| 26:02 | Build | Farm |
| 26:13 | Build | Town Center |
| 26:18 | Build | House |
| 26:19 | Build | House |
| 26:22 | Create | Villager (Male) ×5 |
| 26:42 | Build | Mining Camp |
Build order — luismuli
First 150 of 286 actions detected
| 0:02 | Build | House |
| 0:03 | Build | House |
| 0:05 | Research | Loom |
| 0:05 | Create | Villager (Male) |
| 0:06 | Create | Villager (Male) |
| 0:06 | Create | Villager (Male) |
| 0:33 | Build | Palisade Wall |
| 2:47 | Create | Villager (Male) |
| 3:39 | Create | Villager (Male) |
| 3:39 | Create | Villager (Male) |
| 3:49 | Build | Palisade Wall |
| 4:22 | Create | Villager (Male) |
| 4:23 | Create | Villager (Male) |
| 4:48 | Create | Villager (Male) |
| 5:12 | Build | Lumber Camp |
| 5:33 | Create | Villager (Male) |
| 5:42 | Build | House |
| 6:06 | Create | Villager (Male) |
| 6:36 | Create | Villager (Male) |
| 7:08 | Create | Villager (Male) |
| 7:40 | Create | Villager (Male) |
| 7:47 | Build | House |
| 7:48 | Build | House |
| 8:07 | Create | Villager (Male) |
| 8:31 | Build | Mill |
| 8:34 | Create | Villager (Male) |
| 8:34 | Create | Villager (Male) |
| 8:56 | Create | Villager (Male) |
| 9:27 | Create | Villager (Male) |
| 9:27 | Create | Villager (Male) |
| 9:46 | Create | Villager (Male) |
| 10:27 | Create | Villager (Male) |
| 10:49 | Create | Villager (Male) |
| 11:31 | Create | Villager (Male) |
| 11:31 | Create | Villager (Male) |
| 11:32 | Create | Villager (Male) |
| 11:54 | Create | Villager (Male) |
| 11:56 | Create | Villager (Male) |
| 11:56 | Create | Villager (Male) |
| 12:03 | Build | House |
| 12:04 | Build | House |
| 12:05 | Build | House |
| 12:05 | Build | House |
| 12:06 | Build | House |
| 12:07 | Build | House |
| 12:35 | Build | Farm |
| 13:15 | Build | Farm |
| 13:37 | Research | Feudal Age |
| 13:55 | Build | Mill |
| 14:00 | Create | Villager (Male) |
| 14:00 | Create | Villager (Male) |
| 14:01 | Create | Villager (Male) |
| 14:33 | Build | Mining Camp |
| 14:52 | Create | Villager (Male) |
| 15:49 | Age | Feudal Age |
| 15:50 | Research | Horse Collar |
| 15:54 | Research | Double-Bit Axe |
| 16:03 | Build | Stone Wall |
| 16:10 | Build | Farm |
| 16:11 | Build | Farm |
| 16:11 | Build | Farm |
| 16:12 | Build | Farm |
| 16:12 | Build | Farm |
| 16:14 | Build | Farm |
| 16:14 | Build | Farm |
| 16:14 | Build | Farm |
| 16:15 | Build | Farm |
| 16:15 | Build | Farm |
| 16:26 | Build | Farm |
| 16:28 | Create | Villager (Male) |
| 16:29 | Create | Villager (Male) |
| 17:09 | Create | Villager (Male) |
| 17:10 | Create | Villager (Male) |
| 18:00 | Build | Blacksmith |
| 18:13 | Create | Villager (Male) |
| 18:13 | Create | Villager (Male) |
| 19:05 | Build | Farm |
| 19:28 | Build | Market |
| 20:27 | Research | Castle Age |
| 20:31 | Build | Farm |
| 20:31 | Build | Farm |
| 20:32 | Build | Farm |
| 20:32 | Build | Farm |
| 20:32 | Build | Farm |
| 20:33 | Build | Farm |
| 20:33 | Build | Farm |
| 20:33 | Build | Farm |
| 20:34 | Build | Farm |
| 20:34 | Build | Farm |
| 20:40 | Create | Villager (Male) |
| 20:40 | Create | Villager (Male) |
| 21:23 | Build | Farm |
| 21:27 | Build | Farm |
| 21:33 | Create | Villager (Male) |
| 21:34 | Create | Villager (Male) |
| 21:34 | Create | Villager (Male) |
| 21:40 | Research | Gold Mining |
| 21:41 | Research | Stone Mining |
| 21:45 | Research | Fletching |
| 21:46 | Research | Forging |
| 21:46 | Research | Padded Archer Armor |
| 22:05 | Build | Palisade Gate |
| 22:14 | Build | Gate |
| 23:07 | Age | Castle Age |
| 23:10 | Build | Town Center |
| 23:14 | Research | Bow Saw |
| 23:20 | Create | Villager (Male) |
| 23:20 | Create | Villager (Male) |
| 23:31 | Research | Bodkin Arrow |
| 24:06 | Create | Villager (Male) |
| 24:07 | Create | Villager (Male) |
| 24:07 | Create | Villager (Male) |
| 24:07 | Create | Villager (Male) |
| 24:34 | Build | Town Center |
| 25:03 | Research | Heavy Plow |
| 25:18 | Create | Villager (Male) ×5 |
| 25:29 | Build | Monastery |
| 26:17 | Create | Villager (Male) ×5 |
| 26:27 | Create | Monk |
| 26:44 | Build | University |
| 26:47 | Research | Iron Casting |
| 26:48 | Research | Scale Mail Armor |
| 27:00 | Build | Barracks |
| 27:17 | Create | Monk |
| 27:35 | Create | Villager (Male) ×5 |
| 27:48 | Build | Mining Camp |
| 27:58 | Research | Caravan |
| 27:58 | Research | Caravan |
| 28:14 | Research | Murder Holes |
| 28:21 | Create | Villager (Male) |
| 28:22 | Create | Villager (Male) ×5 |
| 28:38 | Build | Mining Camp |
| 28:39 | Research | Stone Shaft Mining |
| 28:42 | Research | Squires |
| 28:53 | Build | Castle |
| 28:56 | Research | Wheelbarrow |
| 28:57 | Create | Villager (Male) ×5 |
| 29:16 | Build | Archery Range |
| 29:26 | Build | House |
| 29:27 | Build | House |
| 29:29 | Build | House |
| 29:30 | Build | House |
| 29:30 | Build | House |
| 29:31 | Build | House |
| 29:59 | Research | Eagle Warrior (upgrade) |
| 30:00 | Create | Eagle Scout ×5 |
| 30:00 | Create | Eagle Scout ×5 |
| 30:32 | Create | Trade Cart ×4 |
| 31:00 | Research | Hand Cart |
| 31:00 | Create | Villager (Male) ×4 |
Build order — Coffee Bean
First 150 of 251 actions detected
| 0:02 | Build | House |
| 0:03 | Build | House |
| 0:04 | Build | House |
| 0:05 | Create | Villager (Male) ×4 |
| 1:43 | Create | Villager (Male) |
| 1:53 | Build | Mill |
| 2:19 | Create | Villager (Male) |
| 2:19 | Create | Villager (Male) |
| 3:38 | Create | Villager (Male) |
| 3:38 | Create | Villager (Male) |
| 3:38 | Create | Villager (Male) |
| 4:31 | Create | Villager (Male) |
| 4:43 | Build | Lumber Camp |
| 5:13 | Create | Villager (Male) |
| 5:13 | Create | Villager (Male) |
| 6:00 | Create | Villager (Male) |
| 6:28 | Create | Villager (Male) |
| 6:28 | Create | Villager (Male) |
| 6:29 | Create | Villager (Male) |
| 6:36 | Build | House |
| 6:38 | Build | House |
| 7:53 | Create | Villager (Male) |
| 8:13 | Create | Villager (Male) |
| 8:45 | Create | Villager (Male) |
| 8:46 | Create | Villager (Male) |
| 8:54 | Research | Loom |
| 9:18 | Build | Mill |
| 9:35 | Research | Feudal Age |
| 10:35 | Create | Villager (Male) |
| 10:35 | Create | Villager (Male) |
| 11:45 | Age | Feudal Age |
| 11:48 | Research | Horse Collar |
| 11:50 | Research | Double-Bit Axe |
| 12:22 | Create | Villager (Male) |
| 12:22 | Create | Villager (Male) |
| 12:23 | Create | Villager (Male) |
| 13:02 | Create | Villager (Male) |
| 13:05 | Build | House |
| 13:23 | Build | Mining Camp |
| 13:30 | Create | Villager (Male) |
| 13:31 | Create | Villager (Male) |
| 14:35 | Create | Villager (Male) |
| 14:51 | Build | Market |
| 15:02 | Build | Blacksmith |
| 15:08 | Create | Villager (Male) |
| 15:10 | Create | Villager (Male) |
| 15:57 | Build | Mining Camp |
| 16:05 | Research | Castle Age |
| 16:20 | Build | Farm |
| 16:21 | Build | Farm |
| 16:22 | Build | Farm |
| 16:23 | Build | Farm |
| 16:24 | Build | Farm |
| 16:29 | Build | Farm |
| 16:46 | Build | Farm |
| 16:47 | Build | Farm |
| 16:48 | Build | Farm |
| 16:49 | Build | Farm |
| 16:53 | Research | Wheelbarrow |
| 17:41 | Build | House |
| 17:42 | Build | House |
| 17:43 | Build | House |
| 17:44 | Build | House |
| 17:45 | Build | House |
| 17:49 | Build | Mining Camp |
| 18:07 | Build | Stone Wall |
| 18:15 | Build | Gate |
| 18:21 | Build | Stone Wall |
| 19:00 | Age | Castle Age |
| 20:01 | Build | Castle |
| 20:18 | Create | Villager (Male) ×5 |
| 20:33 | Build | Town Center |
| 21:10 | Build | Mining Camp |
| 21:16 | Build | Lumber Camp |
| 21:32 | Create | Villager (Male) ×5 |
| 21:57 | Build | Town Center |
| 22:28 | Build | Farm |
| 22:30 | Research | Heavy Plow |
| 22:57 | Build | Farm |
| 22:58 | Build | Farm |
| 23:00 | Build | Farm |
| 23:01 | Build | Farm |
| 23:37 | Build | Monastery |
| 23:42 | Research | Bow Saw |
| 23:47 | Create | Villager (Male) ×5 |
| 23:59 | Build | Farm |
| 24:00 | Build | Farm |
| 24:02 | Build | Farm |
| 24:05 | Build | Farm |
| 24:25 | Build | Farm |
| 24:26 | Build | Farm |
| 24:27 | Build | Farm |
| 24:28 | Build | Farm |
| 24:31 | Build | Farm |
| 24:36 | Create | Villager (Male) ×2 |
| 24:40 | Create | Monk |
| 25:11 | Build | Siege Workshop |
| 25:35 | Create | Genoese Crossbowman |
| 25:36 | Create | Genoese Crossbowman |
| 25:38 | Create | Villager (Male) ×5 |
| 25:40 | Create | Genoese Crossbowman |
| 25:45 | Create | Mangonel |
| 26:16 | Create | Villager (Male) ×5 |
| 26:55 | Create | Villager (Male) ×5 |
| 27:52 | Create | Villager (Male) ×5 |
| 27:52 | Create | Villager (Male) ×3 |
| 27:56 | Build | Farm |
| 27:58 | Build | Farm |
| 27:59 | Build | Farm |
| 28:01 | Build | Farm |
| 28:04 | Build | Farm |
| 28:05 | Build | Farm |
| 28:06 | Build | Farm |
| 28:07 | Build | Farm |
| 28:09 | Build | Farm |
| 28:11 | Create | Villager (Male) ×3 |
| 28:46 | Create | Villager (Male) ×5 |
| 28:52 | Build | Farm |
| 28:54 | Build | Farm |
| 29:09 | Build | Mill |
| 29:12 | Build | Farm |
| 29:13 | Build | Farm |
| 29:14 | Build | Farm |
| 29:15 | Build | Farm |
| 29:15 | Build | Farm |
| 29:17 | Build | Farm |
| 29:22 | Build | Farm |
| 29:25 | Build | Farm |
| 29:35 | Build | Mining Camp |
| 29:55 | Build | Castle |
| 30:02 | Build | House |
| 30:03 | Build | House |
| 30:04 | Build | House |
| 30:06 | Build | House |
| 30:08 | Build | House |
| 30:10 | Build | House |
| 30:11 | Build | House |
| 30:13 | Build | House |
| 30:14 | Build | House |
| 30:17 | Build | House |
| 30:25 | Build | Stone Wall |
| 30:29 | Build | Gate |
| 30:33 | Build | Stone Wall |
| 30:36 | Research | Imperial Age |
| 30:37 | Research | Hand Cart |
| 30:38 | Create | Villager (Male) ×2 |
| 30:58 | Create | Villager (Male) ×5 |
| 30:59 | Create | Villager (Male) ×2 |
| 31:24 | Build | Lumber Camp |
| 31:27 | Research | Gold Mining |
Build order — Camilo M87
First 150 of 466 actions detected
| 0:03 | Create | Villager (Male) |
| 0:03 | Create | Villager (Male) |
| 0:03 | Create | Villager (Male) |
| 0:05 | Build | House |
| 0:07 | Build | House |
| 0:08 | Create | Villager (Male) |
| 0:08 | Create | Villager (Male) |
| 0:23 | Research | Loom |
| 0:52 | Create | Villager (Male) |
| 0:52 | Create | Villager (Male) |
| 2:05 | Create | Villager (Male) |
| 2:05 | Create | Villager (Male) |
| 2:48 | Create | Villager (Male) |
| 2:48 | Create | Villager (Male) |
| 4:08 | Build | House |
| 4:17 | Create | Villager (Male) |
| 4:17 | Create | Villager (Male) |
| 5:05 | Build | House |
| 5:11 | Create | Villager (Male) |
| 5:11 | Create | Villager (Male) |
| 5:40 | Create | Villager (Male) |
| 5:40 | Create | Villager (Male) |
| 5:51 | Build | Palisade Wall |
| 6:03 | Create | Villager (Male) |
| 6:04 | Create | Villager (Male) |
| 6:04 | Create | Villager (Male) |
| 6:19 | Build | Palisade Wall |
| 6:31 | Create | Villager (Male) |
| 6:31 | Create | Villager (Male) |
| 6:55 | Create | Villager (Male) |
| 6:55 | Create | Villager (Male) |
| 6:55 | Create | Villager (Male) |
| 7:29 | Create | Villager (Male) |
| 7:30 | Create | Villager (Male) |
| 8:02 | Build | Lumber Camp |
| 8:27 | Create | Villager (Male) |
| 8:27 | Create | Villager (Male) |
| 9:00 | Create | Villager (Male) |
| 9:08 | Build | Mining Camp |
| 9:31 | Create | Villager (Male) |
| 9:55 | Create | Villager (Male) |
| 9:55 | Create | Villager (Male) |
| 10:15 | Create | Villager (Male) |
| 10:36 | Build | Barracks |
| 10:42 | Create | Villager (Male) |
| 11:19 | Build | Mill |
| 11:25 | Create | Villager (Male) |
| 12:08 | Research | Feudal Age |
| 12:28 | Build | House |
| 12:32 | Build | House |
| 12:36 | Build | Palisade Wall |
| 12:41 | Create | Militia |
| 12:42 | Create | Militia |
| 12:42 | Create | Militia |
| 13:15 | Create | Militia |
| 13:35 | Build | House |
| 13:37 | Build | House |
| 13:40 | Create | Militia |
| 14:02 | Build | Mill |
| 14:12 | Create | Villager (Male) |
| 14:17 | Create | Militia |
| 14:24 | Build | House |
| 14:26 | Research | Man-at-Arms (upgrade) |
| 14:33 | Build | Archery Range |
| 14:44 | Create | Villager (Male) |
| 14:44 | Create | Villager (Male) |
| 14:47 | Create | Militia |
| 14:48 | Create | Spearman |
| 14:59 | Build | House |
| 15:13 | Create | Militia |
| 15:20 | Create | Archer |
| 15:20 | Create | Archer |
| 15:32 | Build | Stone Wall |
| 15:35 | Build | Gate |
| 15:37 | Create | Archer |
| 15:38 | Create | Militia |
| 15:41 | Create | Villager (Male) |
| 15:41 | Create | Villager (Male) |
| 15:58 | Create | Archer |
| 16:31 | Create | Archer |
| 16:46 | Create | Spearman |
| 16:50 | Create | Villager (Male) |
| 16:52 | Create | Villager (Male) |
| 17:23 | Create | Militia |
| 17:23 | Create | Spearman |
| 17:36 | Create | Villager (Male) |
| 17:36 | Create | Villager (Male) |
| 17:43 | Build | Blacksmith |
| 17:59 | Create | Villager (Male) |
| 18:38 | Create | Villager (Male) |
| 19:00 | Create | Villager (Male) |
| 19:09 | Build | Market |
| 20:39 | Build | Mining Camp |
| 20:44 | Research | Castle Age |
| 20:51 | Build | Stone Wall |
| 20:55 | Build | Gate |
| 21:04 | Build | House |
| 21:05 | Build | House |
| 21:07 | Build | House |
| 21:36 | Research | Forging |
| 21:59 | Research | Horse Collar |
| 22:48 | Build | Stone Wall |
| 22:49 | Build | Stone Wall |
| 23:15 | Build | Mining Camp |
| 23:18 | Create | Villager (Male) |
| 23:18 | Create | Villager (Male) |
| 23:30 | Build | Town Center |
| 23:47 | Build | Siege Workshop |
| 24:26 | Build | Town Center |
| 24:35 | Create | Battering Ram |
| 24:35 | Create | Battering Ram |
| 24:55 | Create | Villager (Male) |
| 24:55 | Create | Villager (Male) |
| 25:11 | Create | Villager (Male) |
| 25:43 | Build | Farm |
| 25:43 | Build | Farm |
| 25:43 | Build | Farm |
| 25:43 | Build | Farm |
| 25:44 | Build | Farm |
| 25:44 | Build | Farm |
| 25:44 | Build | Farm |
| 25:44 | Build | Farm |
| 26:43 | Create | Mangonel |
| 27:52 | Create | Villager (Male) |
| 27:52 | Create | Villager (Male) |
| 27:56 | Create | Villager (Male) |
| 27:56 | Create | Villager (Male) |
| 28:00 | Build | Farm |
| 28:00 | Build | Farm |
| 28:00 | Build | Farm |
| 28:00 | Build | Farm |
| 28:01 | Build | Farm |
| 28:29 | Build | Castle |
| 28:34 | Create | Villager (Male) |
| 28:58 | Build | Farm |
| 28:58 | Build | Farm |
| 28:58 | Build | Farm |
| 28:58 | Build | Farm |
| 29:28 | Create | Mangonel |
| 29:43 | Create | Villager (Male) |
| 29:43 | Create | Villager (Male) |
| 29:43 | Create | Villager (Male) |
| 29:43 | Create | Villager (Male) |
| 29:52 | Create | Villager (Male) |
| 29:53 | Create | Villager (Male) |
| 30:09 | Create | Battering Ram |
| 30:24 | Create | Villager (Male) |
| 30:33 | Create | Villager (Male) |
| 30:33 | Create | Villager (Male) |
| 30:34 | Create | Villager (Male) |
Build order — OGsa
First 150 of 310 actions detected
| 0:05 | Create | Villager (Male) |
| 0:07 | Build | House |
| 0:09 | Build | House |
| 0:11 | Research | Loom |
| 0:11 | Create | Villager (Male) ×3 |
| 0:12 | Create | Villager (Male) ×3 |
| 2:52 | Create | Villager (Male) |
| 2:53 | Create | Villager (Male) |
| 3:08 | Build | Palisade Wall |
| 3:50 | Create | Villager (Male) |
| 3:50 | Create | Villager (Male) |
| 3:51 | Create | Villager (Male) |
| 4:34 | Create | Villager (Male) |
| 4:35 | Create | Villager (Male) |
| 4:44 | Build | Lumber Camp |
| 4:54 | Create | Villager (Male) |
| 4:55 | Create | Villager (Male) |
| 5:37 | Create | Villager (Male) |
| 5:38 | Create | Villager (Male) |
| 5:48 | Create | Villager (Male) |
| 5:48 | Create | Villager (Male) |
| 6:07 | Build | House |
| 6:23 | Create | Villager (Male) |
| 6:23 | Create | Villager (Male) |
| 6:34 | Create | Villager (Male) |
| 6:34 | Create | Villager (Male) |
| 6:40 | Build | House |
| 7:09 | Create | Villager (Male) |
| 7:09 | Create | Villager (Male) |
| 7:37 | Create | Villager (Male) |
| 7:38 | Create | Villager (Male) |
| 7:38 | Create | Villager (Male) |
| 8:39 | Create | Villager (Male) ×3 |
| 8:39 | Create | Villager (Male) ×3 |
| 8:49 | Build | Mining Camp |
| 9:21 | Create | Villager (Male) ×4 |
| 9:58 | Build | House |
| 9:59 | Build | House |
| 10:01 | Build | Mill |
| 10:51 | Create | Villager (Male) ×5 |
| 10:52 | Create | Villager (Male) ×5 |
| 10:52 | Create | Villager (Male) ×3 |
| 11:38 | Research | Feudal Age |
| 12:33 | Create | Villager (Male) ×5 |
| 12:34 | Create | Villager (Male) ×5 |
| 12:34 | Create | Villager (Male) ×2 |
| 12:48 | Build | House |
| 14:09 | Age | Feudal Age |
| 14:30 | Build | Market |
| 14:41 | Build | Blacksmith |
| 14:42 | Build | House |
| 15:12 | Research | Double-Bit Axe |
| 16:08 | Research | Castle Age |
| 17:27 | Build | Lumber Camp |
| 17:51 | Create | Villager (Male) ×5 |
| 17:56 | Research | Wheelbarrow |
| 18:30 | Build | Farm |
| 18:30 | Build | Farm |
| 18:31 | Build | Farm |
| 18:32 | Build | Farm |
| 18:33 | Build | Farm |
| 18:33 | Build | Farm |
| 18:34 | Build | Farm |
| 18:34 | Build | Farm |
| 18:55 | Age | Castle Age |
| 18:58 | Build | Town Center |
| 19:13 | Create | Villager (Male) ×5 |
| 19:51 | Build | Town Center |
| 20:16 | Create | Villager (Male) ×5 |
| 20:39 | Research | Hand Cart |
| 20:43 | Research | Bow Saw |
| 20:54 | Create | Villager (Male) ×4 |
| 21:06 | Research | Horse Collar |
| 21:23 | Build | Mining Camp |
| 21:30 | Create | Villager (Male) |
| 21:31 | Create | Villager (Male) |
| 21:31 | Create | Villager (Male) |
| 21:34 | Create | Villager (Male) |
| 21:34 | Create | Villager (Male) |
| 21:35 | Create | Villager (Male) |
| 21:35 | Create | Villager (Male) |
| 21:40 | Create | Villager (Male) |
| 21:40 | Create | Villager (Male) |
| 21:56 | Research | Stone Mining |
| 22:06 | Research | Gold Mining |
| 22:11 | Create | Villager (Male) ×2 |
| 22:11 | Create | Villager (Male) ×2 |
| 22:16 | Build | Farm |
| 22:17 | Build | Farm |
| 22:19 | Build | Farm |
| 22:22 | Build | Farm |
| 22:29 | Create | Villager (Male) |
| 22:29 | Create | Villager (Male) |
| 22:47 | Create | Villager (Male) |
| 22:59 | Build | Mill |
| 23:01 | Build | Farm |
| 23:01 | Build | Farm |
| 23:01 | Build | Farm |
| 23:02 | Build | Farm |
| 23:02 | Build | Farm |
| 23:04 | Build | Farm |
| 23:04 | Build | Farm |
| 23:05 | Build | Farm |
| 23:09 | Create | Villager (Male) |
| 23:09 | Create | Villager (Male) |
| 23:10 | Create | Villager (Male) |
| 23:27 | Create | Villager (Male) ×3 |
| 23:27 | Create | Villager (Male) ×3 |
| 23:28 | Create | Villager (Male) ×3 |
| 23:39 | Build | Farm |
| 23:42 | Build | Farm |
| 23:43 | Build | Farm |
| 23:43 | Build | Farm |
| 23:43 | Build | Farm |
| 23:44 | Build | Farm |
| 23:44 | Build | Farm |
| 23:44 | Build | Farm |
| 23:51 | Create | Villager (Male) |
| 23:51 | Create | Villager (Male) |
| 23:52 | Create | Villager (Male) |
| 24:09 | Create | Villager (Male) |
| 24:10 | Create | Villager (Male) |
| 24:12 | Create | Villager (Male) |
| 24:12 | Create | Villager (Male) |
| 24:19 | Build | House |
| 24:20 | Build | House |
| 24:22 | Build | House |
| 24:25 | Create | Villager (Male) ×2 |
| 24:26 | Create | Villager (Male) ×2 |
| 24:40 | Build | Farm |
| 24:42 | Build | Farm |
| 24:43 | Build | Farm |
| 24:46 | Build | Farm |
| 24:47 | Build | Farm |
| 24:47 | Build | Farm |
| 24:48 | Build | Farm |
| 24:49 | Build | Farm |
| 24:50 | Build | Farm |
| 24:51 | Build | Farm |
| 24:58 | Create | Villager (Male) ×5 |
| 24:58 | Create | Villager (Male) ×5 |
| 24:58 | Create | Villager (Male) |
| 24:59 | Create | Villager (Male) |
| 25:06 | Research | Heavy Plow |
| 25:20 | Research | Stone Shaft Mining |
| 25:23 | Create | Villager (Male) ×2 |
| 25:24 | Create | Villager (Male) ×2 |
| 25:32 | Build | Barracks |
| 25:34 | Build | House |
| 25:36 | Build | House |
Build order — Roosterdog
First 150 of 343 actions detected
| 0:03 | Create | Villager (Male) |
| 0:03 | Create | Villager (Male) |
| 0:03 | Create | Villager (Male) |
| 0:04 | Create | Villager (Male) |
| 0:04 | Create | Villager (Male) |
| 0:04 | Create | Villager (Male) |
| 0:05 | Build | House |
| 0:06 | Build | House |
| 1:53 | Create | Villager (Male) |
| 2:11 | Create | Villager (Male) |
| 2:12 | Create | Villager (Male) |
| 2:12 | Create | Villager (Male) |
| 2:46 | Create | Villager (Male) |
| 2:46 | Create | Villager (Male) |
| 3:24 | Create | Villager (Male) ×2 |
| 3:40 | Build | Mill |
| 4:23 | Build | Lumber Camp |
| 4:32 | Create | Villager (Male) ×2 |
| 4:35 | Build | House |
| 4:41 | Build | House |
| 4:48 | Create | Villager (Male) |
| 5:04 | Create | Villager (Male) |
| 5:05 | Create | Villager (Male) |
| 5:05 | Create | Villager (Male) |
| 6:40 | Create | Villager (Male) |
| 6:41 | Create | Villager (Male) |
| 6:41 | Create | Villager (Male) |
| 7:01 | Create | Villager (Male) |
| 7:02 | Create | Villager (Male) |
| 7:02 | Create | Villager (Male) |
| 7:19 | Build | House |
| 7:43 | Create | Villager (Male) |
| 7:44 | Create | Villager (Male) |
| 7:46 | Build | House |
| 9:12 | Build | Mining Camp |
| 9:17 | Research | Feudal Age |
| 9:38 | Create | Villager (Male) |
| 9:38 | Create | Villager (Male) |
| 11:40 | Age | Feudal Age |
| 11:43 | Build | Blacksmith |
| 11:48 | Build | Market |
| 12:42 | Research | Castle Age |
| 13:32 | Build | Mining Camp |
| 13:38 | Build | Lumber Camp |
| 14:04 | Build | Lumber Camp |
| 14:10 | Research | Double-Bit Axe |
| 14:14 | Research | Horse Collar |
| 14:47 | Create | Villager (Male) ×5 |
| 15:08 | Age | Castle Age |
| 15:10 | Research | Bow Saw |
| 15:14 | Build | Town Center |
| 15:19 | Build | Town Center |
| 15:47 | Build | Town Center |
| 16:14 | Build | House |
| 16:14 | Build | House |
| 16:15 | Build | House |
| 16:18 | Build | House |
| 16:40 | Create | Villager (Male) |
| 16:48 | Build | Farm |
| 16:58 | Build | Farm |
| 16:58 | Build | Farm |
| 16:58 | Build | Farm |
| 16:58 | Build | Farm |
| 17:03 | Build | Farm |
| 17:03 | Build | Farm |
| 17:04 | Build | Farm |
| 17:04 | Build | Farm |
| 17:04 | Build | Farm |
| 17:04 | Build | Farm |
| 17:13 | Build | Farm |
| 17:31 | Build | Mill |
| 17:36 | Build | Farm |
| 17:42 | Create | Villager (Male) |
| 17:50 | Build | Farm |
| 17:52 | Build | Farm |
| 18:08 | Create | Villager (Male) |
| 18:11 | Build | Farm |
| 18:17 | Build | Farm |
| 18:25 | Build | Farm |
| 18:27 | Build | Farm |
| 18:31 | Create | Villager (Male) ×2 |
| 18:36 | Build | Farm |
| 18:46 | Create | Villager (Male) |
| 18:47 | Create | Villager (Male) |
| 18:55 | Create | Villager (Male) |
| 18:56 | Create | Villager (Male) |
| 19:01 | Build | Farm |
| 19:01 | Build | Farm |
| 19:02 | Build | Farm |
| 19:13 | Build | Farm |
| 19:17 | Build | House |
| 19:17 | Build | House |
| 19:17 | Build | House |
| 19:18 | Build | House |
| 19:18 | Build | House |
| 19:18 | Build | House |
| 19:18 | Build | House |
| 19:19 | Build | House |
| 19:35 | Build | Farm |
| 19:41 | Create | Villager (Male) ×5 |
| 19:47 | Build | Farm |
| 19:53 | Create | Villager (Male) |
| 19:56 | Create | Villager (Male) |
| 20:01 | Build | Farm |
| 20:19 | Build | Farm |
| 20:22 | Create | Villager (Male) ×3 |
| 20:26 | Create | Villager (Male) |
| 20:27 | Create | Villager (Male) |
| 20:33 | Build | House |
| 20:34 | Build | House |
| 20:36 | Build | House |
| 20:37 | Build | House |
| 20:42 | Create | Villager (Male) |
| 20:50 | Create | Villager (Male) ×2 |
| 20:56 | Build | Farm |
| 21:05 | Create | Villager (Male) ×2 |
| 21:09 | Create | Villager (Male) ×2 |
| 21:14 | Build | Farm |
| 21:40 | Build | Farm |
| 21:40 | Build | Farm |
| 21:46 | Build | Farm |
| 21:50 | Create | Villager (Male) ×5 |
| 21:52 | Create | Villager (Male) ×2 |
| 22:05 | Build | Farm |
| 22:05 | Build | Farm |
| 22:05 | Build | Farm |
| 22:05 | Build | Farm |
| 22:06 | Build | Farm |
| 22:06 | Build | Farm |
| 22:06 | Build | Farm |
| 22:21 | Build | Farm |
| 22:24 | Build | Farm |
| 22:28 | Build | Farm |
| 22:41 | Build | House |
| 22:41 | Build | House |
| 22:42 | Build | House |
| 22:42 | Build | House |
| 22:42 | Build | House |
| 22:42 | Build | House |
| 22:43 | Build | House |
| 22:43 | Build | House |
| 22:43 | Build | House |
| 22:43 | Build | House |
| 22:43 | Build | House |
| 22:44 | Build | House |
| 22:50 | Create | Villager (Male) ×5 |
| 22:52 | Create | Villager (Male) ×5 |
| 22:53 | Create | Villager (Male) ×2 |
| 23:02 | Create | Villager (Male) |
| 23:04 | Create | Villager (Male) |
Match timeline
| 0:16 | Sherpder · wall_segment Palisade Wall x5 |
| 0:33 | luismuli · wall_segment Palisade Wall x17 |
| 0:43 | Sherpder · wall_segment Palisade Wall x1 |
| 2:03 | Sherpder · wall_segment Palisade Wall x8 |
| 2:16 | Sherpder · wall_segment Palisade Wall x4 |
| 2:49 | Sherpder · wall_segment Palisade Wall x5 |
| 3:08 | OGsa · wall_segment Palisade Wall x19 |
| 3:12 | MAOC DSW · wall_segment Palisade Wall x13 |
| 3:41 | Sherpder · wall_segment Palisade Wall x6 |
| 3:49 | luismuli · wall_segment Palisade Wall x19 |
| 4:06 | Sherpder · wall_segment Palisade Wall x7 |
| 4:28 | MAOC DSW · wall_segment Palisade Wall x1 |
| 5:13 | MAOC DSW · wall_segment Palisade Wall x1 |
| 5:29 | Sherpder · wall_segment Palisade Wall x9 |
| 5:39 | XxX_ins1dious_XxX · wall_segment Palisade Wall x10 |
| 5:51 | Camilo M87 · wall_segment Palisade Wall x8 |
| 6:19 | Camilo M87 · wall_segment Palisade Wall x7 |
| 6:35 | MAOC DSW · wall_segment Palisade Wall x5 |
| 7:24 | Sherpder · wall_segment Palisade Wall x7 |
| 10:36 | Camilo M87 · first_building Barracks |
| 11:25 | Sherpder · wall_segment Palisade Wall x1 |
| 11:40 | Roosterdog · age_up feudal |
| 11:45 | Coffee Bean · age_up feudal |
| 12:36 | Camilo M87 · wall_segment Palisade Wall x2 |
| 13:33 | Sherpder · wall_segment Palisade Wall x6 |
| 13:36 | XxX_ins1dious_XxX · age_up feudal |
| 14:09 | OGsa · age_up feudal |
| 14:11 | MAOC DSW · age_up feudal |
| 14:33 | Camilo M87 · first_building Archery Range |
| 15:07 | Sherpder · wall_segment Palisade Wall x8 |
| 15:08 | Roosterdog · age_up castle |
| 15:17 | MAOC DSW · wall_segment Stone Wall x10 |
| 15:23 | Sherpder · age_up feudal |
| 15:30 | MAOC DSW · wall_segment Stone Wall x4 |
| 15:32 | Camilo M87 · wall_segment Stone Wall x15 |
| 15:49 | luismuli · age_up feudal |
| 16:03 | luismuli · wall_segment Stone Wall x18 |
| 16:19 | Sherpder · wall_segment Palisade Wall x8 |
| 16:43 | Sherpder · wall_segment Palisade Wall x5 |
| 16:51 | XxX_ins1dious_XxX · age_up castle |
| 17:10 | Sherpder · wall_segment Palisade Wall x3 |
| 17:29 | Sherpder · first_building Barracks |
| 17:33 | Sherpder · wall_segment Palisade Wall x1 |
| 18:01 | Sherpder · wall_segment Palisade Wall x2 |
| 18:07 | Coffee Bean · wall_segment Stone Wall x14 |
| 18:11 | Sherpder · first_building Archery Range |
| 18:20 | Sherpder · wall_segment Palisade Wall x1 |
| 18:21 | Coffee Bean · wall_segment Stone Wall x13 |
| 18:23 | Sherpder · wall_segment Palisade Wall x1 |
| 18:34 | Sherpder · wall_segment Palisade Wall x5 |
| 18:40 | MAOC DSW · wall_segment Stone Wall x10 |
| 18:55 | OGsa · age_up castle |
| 19:00 | Coffee Bean · age_up castle |
| 19:14 | Coffee Bean · first_market_buy 100 stone |
| 19:18 | Coffee Bean · first_market_sell 100 wood |
| 19:37 | Sherpder · wall_segment Palisade Wall x1 |
| 19:42 | Sherpder · wall_segment Palisade Wall x1 |
| 19:48 | Sherpder · wall_segment Palisade Wall x4 |
| 20:01 | Coffee Bean · first_building Castle |
| 20:12 | Sherpder · wall_segment Palisade Wall x4 |
| 20:17 | Sherpder · wall_segment Palisade Wall x1 |
| 20:21 | luismuli · first_market_buy 100 wood |
| 20:27 | Sherpder · age_up castle |
| 20:30 | MAOC DSW · age_up castle |
| 20:43 | Camilo M87 · first_market_buy 100 food |
| 20:51 | Camilo M87 · wall_segment Stone Wall x12 |
| 20:52 | MAOC DSW · first_building Siege Workshop |
| 22:34 | Sherpder · first_market_buy 100 wood |
| 22:47 | MAOC DSW · first_market_buy 100 stone |
| 22:48 | Camilo M87 · wall_segment Stone Wall x9 |
| 22:49 | Camilo M87 · wall_segment Stone Wall x9 |
| 23:07 | luismuli · age_up castle |
| 23:28 | XxX_ins1dious_XxX · first_market_buy 100 stone |
| 23:37 | Coffee Bean · first_building Monastery |
| 23:47 | Camilo M87 · first_building Siege Workshop |
| 25:11 | Coffee Bean · first_building Siege Workshop |
| 25:29 | luismuli · first_building Monastery |
| 25:32 | OGsa · first_building Barracks |
| 27:00 | luismuli · first_building Barracks |
| 27:07 | Sherpder · first_building Siege Workshop |
| 27:10 | OGsa · first_building Siege Workshop |
| 27:15 | OGsa · first_building Stable |
| 27:55 | Roosterdog · first_building Monastery |
| 28:07 | OGsa · wall_segment Stone Wall x8 |
| 28:12 | OGsa · wall_segment Stone Wall x9 |
| 28:29 | Camilo M87 · first_building Castle |
| 28:30 | Roosterdog · first_market_sell 100 wood |
| 28:44 | MAOC DSW · first_building Castle |
| 28:53 | luismuli · first_building Castle |
| 29:01 | XxX_ins1dious_XxX · first_building Castle |
| 29:16 | luismuli · first_building Archery Range |
| 29:32 | XxX_ins1dious_XxX · first_building Siege Workshop |
| 29:43 | Roosterdog · first_building Barracks |
| 29:52 | Roosterdog · first_building Castle |
| 29:54 | OGsa · first_building Castle |
| 30:13 | OGsa · first_building Monastery |
| 30:25 | Coffee Bean · wall_segment Stone Wall x5 |
| 30:25 | Roosterdog · first_building Stable |
| 30:33 | Coffee Bean · wall_segment Stone Wall x1 |
| 30:52 | Camilo M87 · first_building Monastery |
| 30:54 | MAOC DSW · first_building Barracks |
| 31:22 | Sherpder · first_building Monastery |
| 31:40 | Roosterdog · age_up imperial |
| 31:53 | MAOC DSW · first_building Monastery |
| 32:58 | XxX_ins1dious_XxX · age_up imperial |
| 33:17 | Roosterdog · first_building Siege Workshop |
| 33:42 | Coffee Bean · first_building Barracks |
| 33:46 | Coffee Bean · age_up imperial |
| 33:51 | Sherpder · first_building Castle |
| 34:33 | Coffee Bean · first_building Archery Range |
| 34:53 | XxX_ins1dious_XxX · first_building Stable |
| 34:59 | XxX_ins1dious_XxX · first_building Barracks |
| 35:04 | MAOC DSW · first_market_sell 500 food |
| 35:15 | OGsa · age_up imperial |
| 37:13 | Camilo M87 · first_market_sell 100 wood |
| 37:33 | OGsa · first_market_sell 100 food |
| 37:50 | OGsa · first_building Archery Range |
| 38:07 | Sherpder · first_market_sell 100 stone |
| 38:13 | luismuli · age_up imperial |
| 38:20 | Sherpder · age_up imperial |
| 38:43 | XxX_ins1dious_XxX · wall_segment Stone Wall x7 |
| 38:57 | XxX_ins1dious_XxX · wall_segment Stone Wall x13 |
| 40:31 | MAOC DSW · first_building Archery Range |
| 40:40 | Coffee Bean · tribute_sent a jugador 1 |
| 40:40 | Coffee Bean · tribute_sent a jugador 2 |
| 40:40 | Coffee Bean · tribute_sent a jugador 3 |
| 40:40 | Coffee Bean · tribute_sent a jugador 4 |
| 40:40 | Coffee Bean · tribute_sent a jugador 6 |
| 40:40 | Coffee Bean · tribute_sent a jugador 7 |
| 40:40 | Coffee Bean · tribute_sent a jugador 8 |
| 41:00 | MAOC DSW · age_up imperial |
| 41:26 | Coffee Bean · tribute_sent a jugador 1 |
| 41:26 | Coffee Bean · tribute_sent a jugador 2 |
| 41:26 | Coffee Bean · tribute_sent a jugador 3 |
| 41:26 | Coffee Bean · tribute_sent a jugador 4 |
| 41:26 | Coffee Bean · tribute_sent a jugador 6 |
| 41:26 | Coffee Bean · tribute_sent a jugador 7 |
| 41:26 | Coffee Bean · tribute_sent a jugador 8 |
| 42:00 | Coffee Bean · tribute_sent a jugador 1 |
| 42:00 | Coffee Bean · tribute_sent a jugador 2 |
| 42:00 | Coffee Bean · tribute_sent a jugador 3 |
| 42:00 | Coffee Bean · tribute_sent a jugador 4 |
| 42:00 | Coffee Bean · tribute_sent a jugador 6 |
| 42:00 | Coffee Bean · tribute_sent a jugador 7 |
| 42:00 | Coffee Bean · tribute_sent a jugador 8 |
| 43:14 | MAOC DSW · first_building Stable |
| 43:29 | OGsa · resign |
| 43:51 | Coffee Bean · tribute_sent a jugador 1 |
| 43:51 | Coffee Bean · tribute_sent a jugador 2 |
| 43:51 | Coffee Bean · tribute_sent a jugador 3 |
| 43:51 | Coffee Bean · tribute_sent a jugador 4 |
| 43:51 | Coffee Bean · tribute_sent a jugador 6 |
| 43:51 | Coffee Bean · tribute_sent a jugador 7 |
| 43:51 | Coffee Bean · tribute_sent a jugador 8 |
| 48:37 | Roosterdog · first_building Archery Range |
| 49:03 | Camilo M87 · first_building Stable |
| 49:39 | XxX_ins1dious_XxX · first_market_sell 500 stone |
| 50:18 | luismuli · first_building Siege Workshop |
| 50:21 | Coffee Bean · tribute_sent a jugador 1 |
| 50:21 | Coffee Bean · tribute_sent a jugador 2 |
| 50:21 | Coffee Bean · tribute_sent a jugador 3 |
| 50:21 | Coffee Bean · tribute_sent a jugador 4 |
| 50:21 | Coffee Bean · tribute_sent a jugador 6 |
| 50:21 | Coffee Bean · tribute_sent a jugador 7 |
| 50:21 | Coffee Bean · tribute_sent a jugador 8 |
| 51:56 | MAOC DSW · tribute_sent a jugador 1 |
| 51:56 | MAOC DSW · tribute_sent a jugador 3 |
| 51:56 | MAOC DSW · tribute_sent a jugador 4 |
| 51:56 | MAOC DSW · tribute_sent a jugador 5 |
| 51:56 | MAOC DSW · tribute_sent a jugador 6 |
| 51:56 | MAOC DSW · tribute_sent a jugador 7 |
| 51:56 | MAOC DSW · tribute_sent a jugador 8 |
| 53:12 | Coffee Bean · tribute_sent a jugador 1 |
| 53:12 | Coffee Bean · tribute_sent a jugador 2 |
| 53:12 | Coffee Bean · tribute_sent a jugador 3 |
| 53:12 | Coffee Bean · tribute_sent a jugador 4 |
| 53:12 | Coffee Bean · tribute_sent a jugador 6 |
| 53:12 | Coffee Bean · tribute_sent a jugador 7 |
| 53:12 | Coffee Bean · tribute_sent a jugador 8 |
[ AI ANALYSIS · 1 CREDIT ]
What really happened in this match?
Wolo.gg analyzes every decision: build order, eco, micro, common mistakes by bracket. Personalized analysis on WhatsApp or Discord in 30 seconds.
Civ guide
Koreans
Perfil
Jugador #22247956